 Dungeon Crawl Stone Soup version 0.26.1-2-gb8aa6d0cf2 (webtiles) character file.

Game seed: 10341255579775904560

49 axecop the Distorting Demonspawn (level 3, -1/29 HPs)
             Began as a Demonspawn Abyssal Knight on Mar 1, 2021.
             Was a Believer of Lugonu.
             Slain by a gnoll
             ... wielding a +0 spear
              (9 damage)
             ... on level 2 of the Dungeon.
             The game lasted 00:01:07 (1908 turns).

axecop the Distorting Demonspawn (DsAK)             Turns: 1908, Time: 00:01:07

Health: -1/29      AC:  3    Str: 13    XL:     3   Next: 53%
Magic:  5/5        EV: 11    Int: 13    God:    Lugonu [**....]
Gold:   56         SH:  0    Dex: 14    Spells: 2/2 levels left

rFire    + . .     SeeInvis .   a - +1 mace
rCold    . . .     Faith    .   (no shield)
rNeg     . . .     Spirit   .   b - +0 leather armour
rPois    .         Reflect  .   (no helmet)
rElec    .         Harm     .   (no cloak)
rCorr    .         Rampage  .   (no gloves)
Will     .....                  (no boots)
Stlth    ++........             (no amulet)
HPRegen  0.09/turn              k - ring of protection from fire
MPRegen  0.09/turn              (no ring)

@: lethally poisoned (-1 -> -5), flying
A: thin skeletal structure 1
a: Renounce Religion, Depart the Abyss, Bend Space


You were on level 2 of the Dungeon.
You worshipped Lugonu.
Lugonu was pleased with you.
You visited 1 branch of the dungeon, and saw 2 of its levels.
You visited the Abyss 1 time.

You collected 56 gold pieces.

Inventory:

Hand Weapons
 a - a +1 mace (weapon)
 g - a +0 hunting sling
Missiles
 f - 22 poisoned darts (quivered)
 h - a throwing net
 j - 37 stones
Armour
 b - a +0 leather armour (worn)
Jewellery
 k - a ring of protection from fire (left hand)
Scrolls
 c - a scroll of identify
 e - a scroll of blinking


   Skills:
 - Level 3.0 Fighting
 * Level 3.1 Maces & Flails
 - Level 1.7 Armour
 - Level 0.8 Dodging
 + Level 3.5 Invocations


You had 2 spell levels left.
You didn't know any spells.
Your spell library was empty.

Dungeon Overview and Level Annotations

Branches:
Dungeon (2/15)

Altars:

Annotations:
D:2 Terence


Innate Abilities, Weirdness & Mutations

You have a somewhat thin skeletal structure. (Dex +2, Stealth)


Message History

You kill the adder!
Lugonu accepts your kill.
You feel sick.
Unknown command.
You barely miss Terence. Terence closely misses you.
Unknown command.
As you read the scroll labelled PEDGHA MIMOAWN, it crumbles to dust.
It is a scroll of identify.
e - a scroll of blinking You feel sick.
Terence hits you but does no damage.
As you read the scroll labelled PIATEA ORUZEMN, it crumbles to dust.
Your +1 mace glows dark cyan for a moment.
It was a scroll of random uselessness.
Terence hits you with a +0 short sword.
* * * LOW HITPOINT WARNING * * *
2 gnolls come into view.
You feel sick.
The gnoll shouts!
You hear a shout!
A gnoll comes into view. It is wielding a +0 spear.
The gnoll hits you from afar with a +0 spear!
You die...

#.###..#
#......######
#####.#.#....#
#............##(#
#=###..S........#
.......#S##.####
.###.#.#.# ..
#...#@##.#####
##..#.@.g.....
#...###g.####
#..# g# #.. .. ##
##


You could see Terence, 3 gnolls and an adder.

Vanquished Creatures
  An adder (D:2)
  A dart slug (D:1)
  2 leopard geckos (D:1)
  5 goblins (D:1)
  4 hobgoblins (D:1)
  7 jackals (D:1)
  3 bats (D:1)
  2 frilled lizards (D:1)
  5 kobolds (D:1)
  2 rats (D:1)
32 creatures vanquished.

Notes
Turn   | Place    | Note
-------+----------+-------------------------------------------
     0 | Abyss:1  | axecop the Demonspawn Abyssal Knight began the quest for
                  | the Orb.
     0 | Abyss:1  | Reached XP level 1. HP: 18/18 MP: 2/2
    49 | D:1      | Escaped the Abyss
   267 | D:1      | Gained mutation: You have a somewhat thin skeletal
                  | structure. (Dex +2, Stealth) [demonic ancestry]
   267 | D:1      | Reached XP level 2. HP: 24/24 MP: 4/4
  1120 | D:1      | Reached XP level 3. HP: 20/29 MP: 5/5
  1321 | D:1      | Reached ** piety under Lugonu
  1890 | D:2      | Noticed Terence
  1908 | D:2      | Slain by a gnoll

Illustrated notes

Levels and vault maps discovered:
D:1:      psy_arrival_statuary, layout_loops_cross, columned_hall_lemuel,
          kennysheep_pointless_box
D:2:      layout_loops_ring, lemuel_coloured_pillars_altar, kennysheep_path_1,
          uniq_terence

Skill      XL: |  1  2  3 |
---------------+----------+-----
Maces & Flails | 2 3 |  3.1
Invocations    | 3 |  3.5
Fighting       | |  3.0
Armour         | |  1.7
Dodging        | |  0.8

Action                   || total
-------------------------++-------
Melee: Mace              ||   105
Invok: Bend Space        ||     1
  Use: Scroll            ||     2
       Potion            ||     1
 Stab: Sleeping          ||     2
Armor: Leather armour    ||    33
Dodge: Dodged            ||    92
